 Dungeon Crawl Stone Soup version 0.28.0-45-g0d030f2227 (webtiles) character file.

Game seed: 5840021506477666595

13 McKennaii the Conjurer (level 2, 19/19 HPs)
             Began as a Demonspawn Conjurer on Apr 12, 2022.
             Quit the game on level 1 of the Dungeon.
             The game lasted 00:00:31 (414 turns).

McKennaii the Conjurer (Demonspawn Conjurer)         Turns: 414, Time: 00:00:32

Health: 19/19      AC:  3    Str:  7    XL:     2   Next: 24%
Magic:  5/5        EV: 12    Int: 19    God:
Gold:   86         SH:  0    Dex: 11    Spells: 4/5 levels left

rFire   . . .      SeeInvis .   (no weapon)
rCold   . . .      Faith    .   (no shield)
rNeg    . . .      Spirit   .   a - +0 robe
rPois   .          Reflect  .   (no helmet)
rElec   .          Harm     .   (no cloak)
rCorr   .          Rampage  .   (no gloves)
Will    .....                   d - +0 pair of boots
Stlth   ++........              b - amulet of regeneration
HPRegen 0.86/turn               (no ring)
MPRegen 0.18/turn               (no ring)

@: no status effects
A: magic regeneration
a: no special abilities


You were on level 1 of the Dungeon.
You visited 1 branch of the dungeon, and saw 1 of its levels.

You collected 86 gold pieces.

Inventory:

Armour
 a - a +0 robe (worn)
 d - a +0 pair of boots (worn)
Jewellery
 b - an amulet of regeneration (around neck)
Scrolls
 c - a scroll of teleportation {unknown}
Potions
 e - a potion of attraction {unknown}


   Skills:
 - Level 1.7 Dodging
 - Level 1.7 Stealth
 + Level 2.4 Spellcasting
 + Level 4.3 Conjurations


You had 4 spell levels left.
You knew the following spells:

 Your Spells              Type           Power      Damage    Failure   Level
a - Magic Dart            Conj           72%        1d6       2%          1

Your spell library contained the following spells:

 Spells                   Type           Power      Damage    Failure   Level
 Searing Ray              Conj           36%        2d5       4%          2
 Dazzling Flash           Conj/Hex       20%        N/A       21%         3
 Fulminant Prism          Conj/Hex       5%         3d7       54%         4
 Iskenderun's Mystic Bla  Conj/Tloc      10%        2d4       54%         4


Dungeon Overview and Level Annotations

Branches:
Dungeon (1/15)

Altars:


Innate Abilities, Weirdness & Mutations

You regenerate magic rapidly.


Message History

You kill the goblin!
You have reached level 2!
Your demonic ancestry asserts itself...
Your magic begins to regenerate rapidly.
You see here a +0 pair of boots.
d - a +0 pair of boots You start putting on your armour.
You continue putting on your +0 pair of boots. x4
You finish putting on your +0 pair of boots.
Magic restored.
Things that are here:
a +0 club; a goblin corpse You open the door.
There is an open door here.
e - a lumpy black potion You can't see any susceptible monsters within range! (Use Z to cast anyway.)
A goblin comes into view. It is wielding a +0 club.
The magic dart hits the goblin.
You kill the goblin!
A kobold comes into view. It is wielding a +0 short sword.
Things that are here:
a +0 club; a goblin corpse The magic dart hits the kobold.
The kobold is heavily wounded.
A quokka comes into view.
There are monsters nearby!
The magic dart hits the kobold.
The kobold is severely wounded.
There are monsters nearby!
The magic dart hits the kobold.
You kill the kobold!
The magic dart hits the quokka but does no damage.
The magic dart hits the quokka.
You kill the quokka!
You are too depleted to draw on your mana recklessly!
Things that are here:
a +0 short sword; a kobold corpse You can't see any susceptible monsters within range! (Use Z to cast anyway.)
Found a stone staircase leading down.
Are you sure you want to abandon this character and quit the game? (Confirm with "yes".)

#.##########
#...........
#######).###..####
#......>##....#<..
#@# ##.........
#.# #.....###..
#.# ##.....# #..
#.# #.....## ##.
#.# #..#..# #. #.#
#..#..# #. #.#
#.....## ##. #.#
##.....# #.. #.#
#.....###..


There were no monsters in sight!

Vanquished Creatures
  2 endoplasms (D:1)
  2 goblins (D:1)
  A hobgoblin (D:1)
  2 kobolds (D:1)
  A quokka (D:1)
  3 frilled lizards (D:1)
11 creatures vanquished.

Notes
Turn   | Place    | Note
-------+----------+-------------------------------------------
     0 | D:1      | McKennaii the Demonspawn Conjurer began the quest for the
                  | Orb.
     0 | D:1      | Reached XP level 1. HP: 13/13 MP: 3/3
   262 | D:1      | Gained mutation: You regenerate magic rapidly. [demonic
                  | ancestry]
   262 | D:1      | Reached XP level 2. HP: 19/19 MP: 0/5
   414 | D:1      | Quit the game

Illustrated notes

Levels and vault maps discovered:
D:1:      minmay_arrival_loop, layout_basic

Action                   || total
-------------------------++-------
Melee: Unarmed           ||    27
       Punch             ||     1
 Cast: Magic Dart        ||    20
Armor: Robe              ||     2
Dodge: Dodged            ||    24
